 Dungeon Crawl Stone Soup version 0.26-a0-1107-g6118521029 (webtiles) character file.

Game seed: 2695616510086504562

193 Dracia the Agent of Entropy (level 5, -8/41 HPs)
             Began as a Demonspawn Abyssal Knight on Dec 16, 2020.
             Was a Priest of Lugonu.
             Killed by nerve-wracking pain
             ... invoked by Grinder
              (11 damage)
             ... while paralysed by Grinder
             ... on level 3 of the Dungeon.
             The game lasted 00:03:46 (2523 turns).

Dracia the Agent of Entropy (DsAK)                  Turns: 2523, Time: 00:03:46

Health: -8/41      AC:  9    Str: 12 (13) XL:     5   Next: 43%
Magic:  9/9        EV:  2    Int: 10 (13) God:    Lugonu [***...]
Gold:   125        SH:  0    Dex: 11 (13) Spells: 4/4 levels left

rFire    + . .     SeeInvis .   q - +0 long sword
rCold    . . .     Faith    .   (no shield)
rNeg     . . .     Spirit   .   e - +2 leather armour {rPois}
rPois    +         Reflect  .   (helmet restricted)
rElec    .         Harm     .   i - +2 cloak
rCorr    .         Rampage  .   (no gloves)
Will     .....                  p - +0 pair of boots
Stlth    +.........             (no amulet)
HPRegen  0.13/turn              (no ring)
MPRegen  0.11/turn              (no ring)

@: paralysed, mighty, brilliant
A: antennae 1, fire resistance 1, spiny 1
a: Depart the Abyss, Bend Space, Banish, Renounce Religion


You were on level 3 of the Dungeon.
You worshipped Lugonu.
Lugonu was most pleased with you.
You visited 1 branch of the dungeon, and saw 3 of its levels.
You visited the Abyss 1 time.

You collected 125 gold pieces.


Innate Abilities, Weirdness & Mutations

You have a pair of small antennae on your head.
Your flesh is heat resistant. (rF+)
You are partially covered in sharp spines.


   Skills:
 - Level 3.0 Fighting
 + Level 3.8 Long Blades
 - Level 1.7 Armour
 - Level 0.8 Dodging
 + Level 5.5 Invocations


You had 4 spell levels left.
You didn't know any spells.
Your spell library was empty.

Inventory:

Hand Weapons
 a - a +1 falchion
 q - a +0 long sword (weapon)
Armour
 b - a +0 leather armour
 e - a +2 leather armour of poison resistance (worn)
 i - a +2 cloak (worn)
 p - a +0 pair of boots (worn)
Wands
 o - a wand of disintegration (14)
Scrolls
 c - a scroll of enchant weapon {unknown}
 d - 2 scrolls of identify {@r1@r1}
 j - 2 scrolls of teleportation {@r4@r4}
 m - a scroll of remove curse {@r2@r2}
 n - a scroll of random uselessness {unknown}
Potions
 f - a potion of might
 g - 3 potions of curing {@q1@q1}

Dungeon Overview and Level Annotations

Branches:
Dungeon (3/15)

Altars:

Annotations:
D:3 Grinder

.# ##'## *,,##.,* #.# .#
#.# *,,**.,* #.. .# #.#
*,,**,,* ### .# ##.##
*,,,,,,* .# #######>..##
***,**** .# #..††......#
*,* .#
#.#####...##*#####.#
.####.#####..####......#
.......[.....5..@§#*****
#####.#####.#######
#.#***#.# #..,,,..#
####*####


You could see Grinder.


Message History

It was a potion of brilliance.
You feel clever all of a sudden. Grinder gestures at you.
Pain shoots through your body!
* * * LOW HITPOINT WARNING * * *
It was a potion of might.
You feel very mighty all of a sudden. Grinder gestures at you.
You resist with significant effort.
It was a potion of heal wounds.
You feel much better. Grinder is struck by your spines.
Grinder barely misses you.
You slash Grinder!
Grinder is moderately wounded.
Grinder gestures at you. Pain shoots through your body!
* * * LOW HITPOINT WARNING * * *
Grinder hits you but does no damage.
You slash Grinder!
Grinder is heavily wounded.
Grinder gestures at you.
You suddenly lose the ability to move!
Grinder hits you but does no damage. Grinder is struck by your spines.
Grinder hits you.
* * * LOW HITPOINT WARNING * * *
You writhe in agony.
* * * LOW HITPOINT WARNING * * *
Grinder blinks!
Grinder gestures at you. Pain shoots through your body!
You die...

Skill      XL: |  1  2  3  4 |
---------------+-------------+-----
Long Blades    | 2 3 |  3.8
Invocations    | 3 4 5 |  5.5
Fighting       | |  3.0
Armour         | |  1.7
Dodging        | |  0.8

Action                   |  1- 3 |  4- 6 || total
-------------------------+-------+-------++-------
Melee: Falchion          |   118 |    65 ||   183
       Long sword        |       |    18 ||    18
  Use: Scroll            |       |     6 ||     6
       Potion            |       |     5 ||     5
Armor: Leather armour    |    46 |    32 ||    78
Dodge: Dodged            |    95 |    38 ||   133
       Rpst.: Falchion   |    32 |     6 ||    38
       Long sword        |       |     1 ||     1

Levels and vault maps discovered:
D:1:      evilmike_arrival_crescent, layout_rooms, minivault_27,
          chequers_avenue, minmay_misc_feat_pillars
D:2:      layout_rooms
D:3:      layout_loops_corners, kennysheep_decorative_pillar, uniq_grinder,
          uniq_terence

Notes
Turn   | Place    | Note
-------+----------+-------------------------------------------
     0 | Abyss:1  | Dracia the Demonspawn Abyssal Knight began the quest for
                  | the Orb.
     0 | Abyss:1  | Reached XP level 1. HP: 18/18 MP: 2/2
     9 | D:1      | You pass through the gate.
     9 | D:1      | Escaped the Abyss
    61 | D:1      | Reached skill level 2 in Long Blades
   156 | D:1      | Reached skill level 3 in Invocations
   157 | D:1      | Gained mutation: Your flesh is heat resistant. (rF+)
                  | [demonic ancestry]
   157 | D:1      | Reached XP level 2. HP: 24/24 MP: 2/4
   407 | D:1      | Reached XP level 3. HP: 25/29 MP: 5/5
   531 | D:1      | Reached ** piety under Lugonu
   641 | D:1      | Reached skill level 4 in Invocations
   996 | D:2      | Reached skill level 3 in Long Blades
  1044 | D:2      | Gained mutation: You are partially covered in sharp spines.
                  | [demonic ancestry]
  1044 | D:2      | Reached XP level 4. HP: 26/35 MP: 7/7
  1899 | D:3      | Reached skill level 5 in Invocations
  2027 | D:3      | Gained mutation: You have a pair of small antennae on your
                  | head. [demonic ancestry]
  2027 | D:3      | Reached XP level 5. HP: 41/41 MP: 8/8
  2177 | D:3      | Reached *** piety under Lugonu
  2238 | D:3      | Noticed Terence
  2245 | D:3      | Killed Terence
  2501 | D:3      | Noticed Grinder
  2506 | D:3      | Paralysed by Grinder for 7 turns
  2518 | D:3      | Paralysed by Grinder for 6 turns
  2520 | D:3      | HP: 3/41 [Grinder (5)]
  2523 | D:3      | Killed from afar by Grinder

Vanquished Creatures
  Terence (D:3)
  A gnoll (D:1)
  6 adders
  2 worms (D:2)
  8 dart slugs
  3 leopard geckos (D:1)
  2 ball pythons (D:3)
  6 bats
  9 giant cockroaches
  7 goblins
  6 hobgoblins
  9 jackals
  5 kobolds
  A quokka (D:2)
  4 frilled lizards
  5 rats
75 creatures vanquished.

Table legend: (Time is in decaauts)
 A = Elapsed time spent in this place.
 B = Non-inter-level travel time spent in this place.
 C = Inter-level travel time spent in this place.
 D = Time resting spent in this place.
 E = Time spent auto-exploring this place.
 F = Levels seen in this place.
 G = Mean time per level.
                   A        B        C        D        E       F      G
               +--------+--------+--------+--------+--------+-----+--------+
         Total |   2556 |   2504 |     52 |      0 |   2029 |   4 |  639.0 |
       Dungeon |   2547 |   2495 |     52 |      0 |   2025 |   3 |  849.0 |
         Abyss |      9 |      9 |      0 |      0 |      4 |   1 |    9.0 |
               +--------+--------+--------+--------+--------+-----+--------+

Top non-repeatable levels by time:
     D:1: 995 daAuts
     D:2: 891 daAuts
     D:3: 660 daAuts
 Abyss:1: 9 daAuts

Table legend:
 A = Non-vault XP
 B = Vault XP
 C = Vault XP percentage of total XP
 D = Non-vault monster count
 E = Vault monster count
 F = Vault count percentage of total count
                 A         B        C        D         E       F
            +---------+---------+-------+---------+---------+-------
      Total |     238 |      38 |  13.8 |      74 |       1 |   1.3
            +---------+---------+-------+---------+---------+-------
        D:1 |      80 |       0 |   0.0 |      34 |       0 |   0.0
        D:2 |      94 |       0 |   0.0 |      20 |       0 |   0.0
        D:3 |      64 |      38 |  37.3 |      20 |       1 |   4.8
            +---------+---------+-------+---------+---------+-------
